 Dungeon Crawl Stone Soup version 0.32-a0-818-gb728d0252e (webtiles) character file.

Game seed: 12414153772118750713

4684 greenreed the Basher (level 10, -12/79 HPs)
             Began as a Coglin Gladiator on Mar 24, 2024.
             Was an Initiate of Gozag.
             Killed from afar by Erica (17 damage)
             ... with a bolt of poison
             ... on level 9 of the Dungeon.
             The game lasted 00:16:09 (9143 turns).

greenreed the Basher (Coglin Gladiator)             Turns: 9143, Time: 00:16:13

Health: -12/79     AC: 14    Str: 20    XL:     10   Next: 44%
Magic:  10/10      EV: 10    Int:  7    God:    Gozag
Gold:   264        SH:  0    Dex: 15    Spells: 9/9 levels left

rFire   . . .        a - +0 flail {Karolin}
rCold   + . .        j - +0 whip {Jingyi}
rNeg    . . .        b - +2 chain mail {rC+}
rPois   .            c - +0 helmet
rElec   .            (no cloak)
rCorr   .            (no gloves)
SInv    .            q - +0 pair of boots
Will    .....        (amulet unavailable) Stlth
                     (ring unavailable)
HPRegen 0.33/turn    (ring unavailable)
MPRegen 0.12/turn    (no gizmo)

%: no passive effects
@: lethally poisoned (-12 -> -51), about to teleport
A: off-hand wielding, slow wielding, warmup strikes, no jewellery
a: Invent Gizmo, Renounce Religion, Potion Petition, Call Merchant, Bribe Branch


You were on level 9 of the Dungeon.
You worshipped Gozag.
Gozag was aware of your devotion.
You visited 2 branches of the dungeon, and saw 10 of its levels.

You collected 1314 gold pieces.
You spent 33 gold pieces at shops.
You paid 1017 gold pieces to Gozag.

Inventory:

Hand Weapons
 a - a +0 flail (weapon) {Karolin}
 j - a +0 whip (offhand) {Jingyi}
Missiles
 d - 3 throwing nets (quivered)
 e - a javelin
 N - 4 atropa-tipped darts
Armour
 b - a +2 chain mail of cold resistance (worn)
 c - a +0 helmet (worn)
 q - a +0 pair of boots (worn)
Wands
 y - a wand of flame (14)
 C - a wand of iceblast (4)
 J - a wand of acid (4)
 M - a wand of mindburst (5)
Scrolls
 f - 12 scrolls of identify {unknown}
 g - a scroll of enchant armour {unknown}
 i - 3 scrolls of immolation {unknown}
 l - 3 scrolls of poison {unknown}
 m - a scroll of teleportation
 o - a scroll of fog {unknown}
 p - 3 scrolls of revelation {unknown}
 u - a scroll of silence {unknown}
 v - a scroll of enchant weapon {unknown}
 x - a scroll of brand weapon {unknown}
 z - a scroll of noise {unknown}
 B - 4 scrolls of acquirement {unknown}
 E - a scroll of fear {unknown}
 K - a scroll of blinking {unknown}
 L - a scroll of summoning {unknown}
Potions
 h - 5 potions of curing {unknown}
 k - a potion of attraction {unknown}
 n - a potion of lignification {unknown}
 r - 3 potions of brilliance {unknown}
 s - 4 potions of heal wounds {unknown}
 t - a potion of resistance {unknown}
 w - a potion of haste {unknown}
 A - a potion of berserk rage {unknown}
 D - a potion of enlightenment {unknown}
 F - a potion of invisibility {unknown}
 G - a potion of magic {unknown}
 H - a potion of mutation {unknown}
 I - a potion of degeneration {unknown}


   Skills:
 + Level 7.0 Fighting
 * Level 9.2 Maces & Flails
 - Level 1.7 Throwing
 + Level 6.0 Armour
 + Level 6.7 Dodging
 + Level 1.1 Evocations


You had 9 spell levels left.
You didn't know any spells.
Your spell library contained the following spells:

 Spells                   Type           Power      Damage    Failure   Level
 Magic Dart               Conj           0%         1d3       97%         1
 Slow                     Hex            0%         N/A       97%         1
 Searing Ray              Conj           0%         2d4       99%         2
 Cause Fear               Hex            0%         N/A       100%        4
 Fulminant Prism          Conj/Alch      0%         3d5       100%        4
 Summon Mana Viper        Hex/Summ       0%         N/A       100%        5
 Sculpt Simulacrum        Ice/Alch       0%         N/A       100%        6


Dungeon Overview and Level Annotations

Branches:
Dungeon (9/15)             Temple (1/1) D:4            Lair (0/5) D:8
    Orc: D:9-12

Altars:
Ashenzari
Cheibriados
Dithmenos
Elyvilon
Fedhas
Gozag
Hepliaklqana
Kikubaaqudgha
Makhleb
Nemelex Xobeh
Okawaru
Qazlal
Ru
Sif Muna
Trog
Uskayaw
Vehumet
Wu Jian
Xom
Yredelemnul
Zin
The Shining One

Shops:
D:3 *   D:6 [   D:7 =

Annotations:
D:9 2 transporters, Amaemon, Erica


Innate Abilities, Weirdness & Mutations

You can wield a second weapon in your off-hand.
It takes a long time for you to wield or remove held weapons.
Your first few attacks do less damage.
You cannot equip rings or amulets.


Message History

You feel extremely sick.
You feel very sick.
You feel very sick.
Erica mumbles some strange words.
Erica flickers and vanishes!
You hear a shout!
You feel very sick.
You feel very sick.
There is an open door, spattered with blood here.
Things that are here:
a +0 trident; a +0 scale mail; a +6 ring of strength You feel very sick.
You feel sick.
You feel sick.
You feel sick.
An orc warrior comes into view. It is wielding a +0 long sword.
You feel sick.
The orc warrior shouts!
An orc comes into view. It is wielding a +0 dagger.
An orc comes into view. It is wielding a +0 whip.
You feel sick.
The orc shouts!
You feel sick.
You feel sick.
You are no longer poisoned.
As you read the scroll of teleportation, it crumbles to dust.
You feel strangely unstable.
You hear some strange, mumbled words.
A bolt of poison appears from out of thin air!
The bolt of poison hits you!!
You are poisoned.
* * * LOW HITPOINT WARNING * * *
* * * LOW HITPOINT WARNING * * *
You feel very sick.
You hear some strange, mumbled words.
A bolt of poison appears from out of thin air!
The bolt of poison hits you!
You are more poisoned.
You die...
Your body crumbles into a pile of gold.

#..#......))..##
#..#......#....##
#..######.#.....##
#..#......##.....##
#..#......###.o...#
#..#....{o#####'#######+#
#..##....o...o...........
#..##....#....o..........
#..##...@#...............
#........#...............
#........#.........######
######....#.........+
#....#....#.........#
#....'....###+#.....#
#....#........#.....#
#....#######..#.....+
#....# .#.....#


You could see an orc warrior and an orc.

Vanquished Creatures
  A gargoyle (D:9)
  Maggie (D:8)
  A hornet (D:7)
  5 slime creatures (D:8)
  5 yaks
  The ghost of greenreed the Vexing, an amateur CoHs (D:3)
  2 steam dragons
  An orc warrior (D:7)
  A black bear (D:6)
  A sky beast (D:6)
  3 centaurs
  2 phantoms
  2 bullfrogs
  A gnoll sergeant (D:9)
  2 scorpions
  4 electric eels (D:7)
  2 bombardier beetles (D:4)
  3 jellies
  4 orc priests
  2 hounds
  A sleepcap (D:6)
  2 gnoll boudas
  11 orc wizards
  7 adders
  8 gnolls
  2 shadow imps
  5 white imps
  3 ribbon worms
  3 dart slugs
  20 orcs
  7 ball pythons
  10 endoplasms
  5 giant cockroaches
  A goblin (D:4)
  9 hobgoblins
  9 jackals
  6 kobolds
  4 bats
  6 frilled lizards
  4 rats
167 creatures vanquished.

Vanquished Creatures (others)
  An orc wizard (D:7)
1 creature vanquished.

Grand Total: 168 creatures vanquished

Notes
Turn   | Place    | Note
-------+----------+-------------------------------------------
     0 | D:1      | greenreed the Coglin Gladiator began the quest for the Orb.
     0 | D:1      | Reached XP level 1. HP: 16/16 MP: 1/1
    31 | D:1      | Reached XP level 2. HP: 18/22 MP: 2/2
   148 | D:1      | Reached skill level 3 in Maces & Flails
   261 | D:1      | Reached XP level 3. HP: 26/27 MP: 3/3
   827 | D:2      | Reached skill level 1 in Armour
  1108 | D:2      | Reached XP level 4. HP: 29/34 MP: 4/4
  1735 | D:3      | Found Xoirhu Qimoe's General Store.
  1759 | D:3      | Bought a scroll of teleportation for 33 gold pieces
  1807 | D:3      | Noticed greenreed's ghost (amateur CoHs)
  1810 | D:3      | Found a runed translucent door.
  1919 | D:3      | Got the Atlas of the Bewitching Icicle
  1928 | D:3      | Found a broken altar of Ashenzari.
  1928 | D:3      | Found an opulent altar of Gozag.
  1933 | D:3      | Reached XP level 5. HP: 39/40 MP: 5/5
  1939 | D:3      | Became a worshipper of Gozag Ym Sagoz the Greedy
  2237 | D:3      | Killed greenreed's ghost
  2238 | D:3      | Reached skill level 4 in Maces & Flails
  2238 | D:3      | Reached XP level 6. HP: 42/47 MP: 6/6
  2826 | D:4      | Found a glowing silver altar of Zin.
  2826 | D:4      | Found an iron altar of Okawaru.
  2827 | D:4      | Found a white marble altar of Elyvilon.
  3000 | D:4      | Found a staircase to the Ecumenical Temple.
  3007 | Temple   | Entered the Ecumenical Temple
  3240 | D:4      | Reached XP level 7. HP: 38/52 MP: 7/7
  3549 | D:5      | Entered Level 5 of the Dungeon
  3579 | D:5      | Reached skill level 5 in Maces & Flails
  3678 | D:5      | You fall into a shaft and drop 1 floor!
  3728 | D:6      | Found a broken altar of Ashenzari.
  4025 | D:6      | Noticed a yak
  4026 | D:6      | Noticed a yak
  4026 | D:6      | Noticed a yak
  4035 | D:6      | Noticed a yak
  4386 | D:6      | Reached XP level 8. HP: 61/61 MP: 8/8
  4602 | D:5      | Reached skill level 6 in Maces & Flails
  5049 | D:6      | Noticed a yak
  5063 | D:5      | Killed a yak
  5112 | D:6      | Killed a yak
  5113 | D:6      | Reached skill level 5 in Dodging
  5119 | D:6      | Killed a yak
  5120 | D:6      | Reached skill level 5 in Fighting
  5128 | D:6      | Killed a yak
  5141 | D:6      | Killed a yak
  5142 | D:6      | Reached skill level 7 in Maces & Flails
  5142 | D:6      | Reached XP level 9. HP: 43/68 MP: 9/9
  5338 | D:6      | Found a stormy altar of Qazlal.
  5405 | D:6      | Found Edwutra's Armour Shop.
  5665 | D:7      | Noticed a hornet
  5678 | D:7      | Killed a hornet
  5682 | D:7      | HP: 3/69 [poisoned by a hornet]
  6102 | D:7      | Found Moenuerph's Jewellery Boutique.
  6521 | D:7      | Reached skill level 5 in Armour
  6633 | D:7      | Reached skill level 8 in Maces & Flails
  7492 | D:8      | Noticed Maggie
  7519 | D:8      | Killed Maggie
  7520 | D:8      | Reached XP level 10. HP: 39/77 MP: 10/10
  7652 | D:8      | Found a staircase to the Lair.
  8492 | D:8      | Reached skill level 9 in Maces & Flails
  8710 | D:9      | Found a transporter.
  8712 | D:9      | Found a transporter.
  8712 | D:9      | Noticed a boulder beetle
  8724 | D:9      | Noticed Amaemon
  8733 | D:9      | Noticed Erica
  8853 | D:9      | Noticed a gargoyle
  8864 | D:9      | Killed a gargoyle
  8865 | D:9      | Reached skill level 1 in Evocations
  9143 | D:9      | Killed from afar by Erica

Illustrated notes

Levels and vault maps discovered:
D:1:      dpeg_arrival_rhombus, layout_basic
D:2:      layout_basic
D:3:      layout_rooms, jmf_multi_god_temple, hellmonk_ghost_happy_afterlife,
          serial_shops, nicolae_shop_rolling_square, dreamdust_wishing_well,
          nicolae_concentric_dashed_squares_wild
D:4:      layout_basic, gammafunk_temple_overflow_claw,
          minmay_temple_entry_gardened_gates, dk_rats_in_the_wall
D:5:      layout_basic
D:6:      layout_loops_ring, serial_shops, nicolae_square_shop,
          hangedman_feature_mirror
D:7:      layout_loops_ring, minivault_11, minmay_shop_enchanted_jewellery,
          serial_bayou_lake_a
D:8:      layout_loops_cross, lair_entry_dummy, uniq_maggie
D:9:      gammafunk_boulding_lane, layout_gridville, minmay_quadrilaterals,
          uniq_amaemon, uniq_psyche, uniq_erica
Temple:   minmay_crystal_spiral_temple

Skill      XL: |  1  2  3  4  5  6  7  8  9 10 |
---------------+-------------------------------+-----
Maces & Flails | 3 4 5 7 8 9 |  9.2
Dodging        | 3 4 5 6 |  6.7
Armour         | 1 2 3 4 5 6 |  6.0
Fighting       | 3 4 5 6 7 |  7.0
Evocations     | 1 |  1.1
Throwing       | |  1.7

Action                     |  1- 3 |  4- 6 |  7- 9 | 10-12 || total
---------------------------+-------+-------+-------+-------++-------
  Melee: Flail             |    86 |   121 |   281 |    85 ||   573
         Dagger            |    32 |       |       |       ||    32
         Whip              |    44 |   117 |   274 |    83 ||   518
 Invoke: Potion Petition   |       |       |     2 |       ||     2
  Evoke: Wand              |       |       |    19 |     4 ||    23
    Use: Scroll            |       |       |     1 |     2 ||     3
   Stab: Sleeping          |     1 |       |     1 |       ||     2
         Distracted        |       |       |     1 |       ||     1
 Armour: Leather armour    |    60 |    98 |    40 |       ||   198
         Chain mail        |       |       |   177 |    60 ||   237
  Dodge: Dodged            |    45 |   101 |   108 |    29 ||   283

Table legend: (Time is in decaauts)
 A = Elapsed time spent in this place.
 B = Non-inter-level travel time spent in this place.
 C = Inter-level travel time spent in this place.
 D = Time resting spent in this place.
 E = Time spent auto-exploring this place.
 F = Levels seen in this place.
 G = Mean time per level.
                   A        B        C        D        E       F      G
               +--------+--------+--------+--------+--------+-----+--------+
         Total |   9122 |   8878 |    244 |   1093 |   6194 |  10 |  912.2 |
       Dungeon |   9120 |   8876 |    244 |   1093 |   6194 |   9 | 1013.3 |
        Temple |      1 |      1 |      0 |      0 |      0 |   1 |    1.0 |
               +--------+--------+--------+--------+--------+-----+--------+

Top non-repeatable levels by time:
     D:7: 1660 daAuts
     D:8: 1303 daAuts
     D:6: 1297 daAuts
     D:4: 1140 daAuts
     D:2: 821 daAuts
     D:1: 811 daAuts
     D:5: 808 daAuts
     D:3: 789 daAuts
     D:9: 488 daAuts
  Temple: 1 daAuts
